 Dungeon Crawl Stone Soup version 0.31-a0-640-g39d97e502b (webtiles) character file.

Game seed: 15600572182657174715

2636 night the Grappler (level 9, 0/64 HPs)
             Began as a Yellow Draconian Shapeshifter on Aug 27, 2023.
             Was an Initiate of Nemelex Xobeh.
             Slain by an orc
             ... wielding a +0 mace of draining
              (6 damage)
             ... on level 8 of the Dungeon.
             The game lasted 00:15:37 (6831 turns).

night the Grappler (Yellow Draconian Shapeshifter)  Turns: 6831, Time: 00:15:38

Health: 0/64       AC:  7    Str: 22    XL:     9   Next: 35%
Magic:  9/9        EV: 11    Int: 14    God:    Nemelex Xobeh [......]
Gold:   403        SH:  3    Dex: 12    Spells: 4/8 levels left

rFire   . .          .
                       - Unarmed
rCold   . . .        o - +0 buckler
rNeg    . . .        (body armour unavailable)
rPois   .            (helmet currently unavailable)
rElec   .            (cloak currently unavailable)
rCorr   +            z - melded +0 pair of gloves
SInv    .            (boots currently unavailable)
Will    +....        (no amulet)
Stlth   +            i - +6 ring of strength
HPRegen 0.30/turn    r - ring of willpower
MPRegen 0.11/turn

%: no passive effects
@: beast-form
A: beast (slay +4), spit acid, AC +7, unfitting armour, cold-blooded, acid
resistance
a: Breathe Acid, Begin Untransformation, Renounce Religion, Draw Escape, Draw
Destruction, Draw Summoning


You were on level 8 of the Dungeon.
You worshipped Nemelex Xobeh.
Nemelex Xobeh was noncommittal.
You were a hulking beast.
You visited 2 branches of the dungeon, and saw 9 of its levels.

You collected 403 gold pieces.

Inventory:

Missiles
 f - 13 boomerangs
 h - 69 stones
 w - 22 poisoned darts
Armour
 o - a +0 buckler (worn)
 z - a +0 pair of gloves (melded)
Jewellery
 d - an amulet of faith
 i - a +6 ring of strength (left hand)
 r - a ring of willpower (right hand)
 E - a ring of protection from fire
Talismans
 b - a beast talisman (active)
 c - a flux talisman
 n - a maw talisman
 u - a dragon-blood talisman
Wands
 q - a wand of roots (7)
 B - a wand of paralysis (20)
Scrolls
 e - a scroll of enchant armour
 g - 2 scrolls of vulnerability
 j - 2 scrolls of revelation
 k - 2 scrolls of fog
 l - 4 scrolls of teleportation
 p - a scroll of amnesia {unknown}
 s - a scroll of blinking {unknown}
 x - a scroll of acquirement {unknown}
 y - 3 scrolls of immolation {unknown}
Potions
 a - 2 potions of lignification
 t - a potion of brilliance {unknown}
 v - a potion of curing


   Skills:
 - Level 1.1 Fighting
 - Level 1.7 Dodging
 + Level 9.3 Unarmed Combat
 + Level 2.4 Poison Magic
 + Level 1.2 Invocations
 + Level 8.6 Shapeshifting


You had 4 spell levels left.
You knew the following spells:

 Your Spells              Type           Power      Damage    Failure   Level
a - Olgreb's Toxic Radia  Pois           6%         N/A       80%         4

Your spell library contained the following spells:

 Spells                   Type           Power      Damage    Failure   Level
 Sting                    Tmut/Pois      12%        1d3       22%         1
 Poisonous Vapours        Pois/Air       6%         N/A       34%         2
 Freeze                   Ice            0%         1d3       36%         1
 Magic Dart               Conj           0%         1d3       36%         1
 Slow                     Hex            0%         N/A       36%         1
 Blink                    Tloc           0%         N/A       50%         2
 Call Imp                 Summ           0%         N/A       50%         2
 Lesser Beckoning         Tloc           0%         N/A       50%         2
 Momentum Strike          Conj/Tloc      0%         3d8       50%         2
 Mephitic Cloud           Conj/Pois/Air  2%         N/A       63%         3
 Confusing Touch          Hex            0%         N/A       73%         3
 Frozen Ramparts          Ice            0%         1d1       73%         3
 Hailstorm                Conj/Ice       0%         3d3       73%         3
 Vampiric Draining        Necr           0%         2d6       73%         3


Dungeon Overview and Level Annotations

Branches:
Dungeon (8/15)             Temple (1/1) D:7
   Lair: D:8-11

Altars:
Ashenzari
Cheibriados
Dithmenos
Elyvilon
Fedhas
Gozag
Hepliaklqana
Kikubaaqudgha
Makhleb
Nemelex Xobeh
Okawaru
Qazlal
Ru
Sif Muna
Trog
Uskayaw
Vehumet
Wu Jian
Xom
Yredelemnul
Zin
The Shining One

Shops:
D:3 *   D:7 [

Annotations:
D:6 3 runed translucent doors, Shym's ghost, novice KoEn; TobyConnect's ghost, novice DsSh; t4s4d4r's ghost, novice OpSh
Temple 4 transporters


Innate Abilities, Weirdness & Mutations

You are a hulking beast.
Your limbs bulge with bestial killing power. (Slay +4)
You can spit globs of acid.
Your golden yellow scales are hard. (AC +7)
You cannot fit into any form of body armour.
You are cold-blooded and may be slowed by cold attacks.
You are resistant to acid. (rCorr)


Message History

You feel sick. The killer bee stings you.
You are more poisoned.
The killer bee poisons you!
You are too injured to fight recklessly!
You feel very sick.
You feel very sick. The killer bee stings you.
* * * LOW HITPOINT WARNING * * *
You are more poisoned.
The killer bee poisons you!
As you read the scroll of teleportation, it crumbles to dust.
You feel strangely unstable.
* * * LOW HITPOINT WARNING * * *
You feel very sick. The killer bee stings you.
* * * LOW HITPOINT WARNING * * *
You are more poisoned.
The killer bee poisons you! The gnoll barely misses you.
You feel better. The gnoll barely misses you. The killer bee stings you.
* * * LOW HITPOINT WARNING * * *
Your surroundings suddenly seem different.
An orc wizard, an orc priest and 2 orcs come into view.
An orc is wielding a +0 mace of draining.
Found a white marble altar of Elyvilon.
The orc shouts!
A gnoll bouda comes into view. It is wielding a +0 club.
You are too injured to fight recklessly!
You are too injured to fight recklessly!
You punch the orc!
You kill the orc!
The gnoll bouda barks out a call to the hunt!
The orc priest begins to cast a cantrip, but forgets the words!
You hit the orc priest.
The orc priest is heavily wounded.
The orc priest calls down the wrath of Beogh upon you.
Beogh smites you!
* * * LOW HITPOINT WARNING * * *
The orc hits you with a +0 mace of draining.
You die...
Your body disappears without a glow.

..#....))..#.......#..
#.......$#.#.).#.#..
##.###...#.#._.#.#.#
.....#...#o#...#.#..
.... ......#.......#..
... ......#g#####.#..
... ....#.........o..
..#.#....oo###.##
#.....##h# ..#
........### .#
....##... ###. #.#. .
.. .. .#.


You could see a gnoll bouda, an orc priest, an orc wizard and an orc.

Vanquished Creatures
  Grinder (D:4)
  Eustachio (D:6)
  A steam dragon (D:7)
  Pargi (D:3)
  A black bear (D:6)
  A sky beast (D:7)
  2 ogres (D:5)
  2 phantoms (D:5)
  2 bullfrogs
  A gnoll sergeant (D:7)
  2 scorpions (D:5)
  4 wights (D:7)
  2 killer bees (D:8)
  2 howler monkeys (D:8)
  7 jellies
  7 orc priests
  3 iguanas
  4 orc wizards
  10 gnolls
  7 adders
  A white imp (D:8)
  3 worms
  26 orcs
  8 ball pythons
  11 endoplasms
  2 giant cockroaches
  2 goblins (D:4)
  5 hobgoblins
  6 jackals
  4 quokkas
  8 bats
  9 frilled lizards
  11 kobolds
  5 rats
162 creatures vanquished.

Vanquished Creatures (others)
  An orc (D:7)
1 creature vanquished.

Grand Total: 163 creatures vanquished

Notes
Turn   | Place    | Note
-------+----------+-------------------------------------------
     0 | D:1      | night the Draconian Shapeshifter began the quest for the
                  | Orb.
     0 | D:1      | Reached XP level 1. HP: 16/16 MP: 1/1
   247 | D:1      | Reached XP level 2. HP: 23/23 MP: 2/2
   636 | D:2      | Reached XP level 3. HP: 28/28 MP: 3/3
   654 | D:2      | Reached skill level 4 in Unarmed Combat
   761 | D:2      | Reached XP level 4. HP: 35/35 MP: 4/4
  1815 | D:3      | HP: 4/35 [acid (2)]
  1817 | D:3      | Reached XP level 5. HP: 6/40 MP: 5/5
  1979 | D:3      | Noticed Pargi
  1996 | D:3      | Killed Pargi
  1997 | D:3      | Reached skill level 5 in Unarmed Combat
  1997 | D:3      | Reached XP level 6. HP: 21/47 MP: 6/6
  1997 | D:3      | Found a shimmering altar of Xom.
  2172 | D:3      | Found a broken altar of Ashenzari.
  2379 | D:3      | Found Viahuss's General Store.
  2453 | D:4      | Reached skill level 5 in Shapeshifting
  2663 | D:4      | Noticed Grinder
  2678 | D:4      | Killed Grinder
  2679 | D:4      | Reached skill level 6 in Unarmed Combat
  2679 | D:4      | Your scales start taking on a golden yellow colour.
  2679 | D:4      | Reached XP level 7. HP: 17/52 MP: 7/7
  2679 | D:4      | Gained mutation: You are resistant to acid. (rCorr) [Yellow
                  | Draconian growth]
  3763 | D:4      | Identified the +1 scale mail of Onioh {Str+4}
  3789 | D:5      | Entered Level 5 of the Dungeon
  3865 | D:5      | Reached skill level 7 in Unarmed Combat
  3871 | D:5      | Reached XP level 8. HP: 46/59 MP: 8/8
  4177 | D:5      | HP: 7/59 [iguana (7)]
  4771 | D:6      | Noticed Eustachio
  4807 | D:6      | Killed Eustachio
  4808 | D:6      | Reached skill level 8 in Unarmed Combat
  5174 | D:6      | Found a runed translucent gate.
  5174 | D:6      | Found a runed translucent gate.
  5174 | D:6      | Found a runed translucent gate.
  5175 | D:6      | Noticed t4s4d4r's ghost (novice OpSh)
  5175 | D:6      | Noticed TobyConnect's ghost (novice DsSh)
  5176 | D:6      | Noticed Shym's ghost (novice KoEn)
  5386 | D:7      | Found Kusoloi's Armour Shoppe.
  5695 | D:7      | Reached XP level 9. HP: 12/62 MP: 9/9
  5940 | D:7      | Learned a level 4 spell: Olgreb's Toxic Radiance
  5955 | D:7      | Reached skill level 9 in Unarmed Combat
  6004 | D:7      | Reached skill level 1 in Poison Magic
  6011 | D:7      | HP: 4/64 [orc priest/divine providence (16)]
  6250 | D:7      | Found a staircase to the Ecumenical Temple.
  6272 | Temple   | Found a transporter.
  6272 | Temple   | Found a transporter.
  6272 | Temple   | Found a transporter.
  6272 | Temple   | Found a transporter.
  6272 | Temple   | Entered the Ecumenical Temple
  6290 | Temple   | Became a worshipper of Nemelex Xobeh the Trickster
  6794 | D:8      | Reached skill level 2 in Poison Magic
  6807 | D:8      | Reached skill level 1 in Invocations
  6808 | D:8      | Noticed a two-headed ogre
  6818 | D:8      | HP: 7/64 [killer bee (5)]
  6820 | D:8      | Found a white marble altar of Elyvilon.
  6831 | D:8      | HP: 6/64 [orc priest/divine providence (11)]
  6831 | D:8      | Slain by an orc

Illustrated notes

Levels and vault maps discovered:
D:1:      psy_arrival_conway, layout_rooms
D:2:      layout_basic
D:3:      minmay_general_purpose_star, layout_basic,
          lemuel_coloured_pillars_altar, dk_xom_monty_hall, serial_shops,
          nicolae_shop_peninsula, uniq_pargi
D:4:      cheibrodos_fertilizer, layout_loops_cross, uniq_grinder
D:5:      layout_cave_pools
D:6:      layout_rooms, gammafunk_ghost_cemetery, uniq_eustachio
D:7:      layout_gridville, minmay_temple_entry_water_ring, serial_shops, shop
D:8:      cheibrodos_shockbox, layout_cave_pools,
          mainiacjoe_overflow_cross_hatched, serial_shops,
          nicolae_shop_competitors_out_of_business, shop
Temple:   hellmonk_temple_divided_pantheon

Skill      XL: |  1  2  3  4  5  6  7  8  9 |
---------------+----------------------------+-----
Unarmed Combat | 4 5 6 7 8 9 |  9.3
Shapeshifting  | 4 5 6 8 |  8.6
Poison Magic   | 2 |  2.4
Invocations    | 1 |  1.2
Fighting       | |  1.1
Dodging        | |  1.7

Action                     |  1- 3 |  4- 6 |  7- 9 || total
---------------------------+-------+-------+-------++-------
  Melee: Unarmed           |    80 |   144 |   291 ||   515
         Tailslap          |     6 |    19 |    28 ||    53
         Punch             |     2 |     2 |       ||     4
Ability: Breathe Acid      |       |       |     6 ||     6
         Begin Untransform |       |       |     2 ||     2
  Evoke: Wand              |       |       |     1 ||     1
    Use: Potion            |       |     2 |     8 ||    10
         Scroll            |       |       |     7 ||     7
   Stab: Sleeping          |     1 |     1 |       ||     2
         Invisible         |       |       |     1 ||     1
 Armour: Skin              |    20 |    44 |    77 ||   141
  Dodge: Dodged            |    60 |    78 |   114 ||   252
  Block: Buckler           |       |       |    29 ||    29
   Form: Flux              |       |       |     1 ||     1
         Beast             |       |       |     1 ||     1

Table legend: (Time is in decaauts)
 A = Elapsed time spent in this place.
 B = Non-inter-level travel time spent in this place.
 C = Inter-level travel time spent in this place.
 D = Time resting spent in this place.
 E = Time spent auto-exploring this place.
 F = Levels seen in this place.
 G = Mean time per level.
                   A        B        C        D        E       F      G
               +--------+--------+--------+--------+--------+-----+--------+
         Total |   6788 |   6582 |    206 |    792 |   4572 |   9 |  754.2 |
       Dungeon |   6751 |   6554 |    197 |    792 |   4572 |   8 |  843.9 |
        Temple |     36 |     27 |      9 |      0 |      0 |   1 |   36.0 |
               +--------+--------+--------+--------+--------+-----+--------+

Top non-repeatable levels by time:
     D:7: 1464 daAuts
     D:4: 1336 daAuts
     D:3: 1201 daAuts
     D:5: 768 daAuts
     D:2: 714 daAuts
     D:6: 700 daAuts
     D:1: 520 daAuts
     D:8: 45 daAuts
  Temple: 36 daAuts
